 Dungeon Crawl Stone Soup version 0.24-a0-164-g56e1b8f (webtiles) character file.

Game seed: 1166335331718109790

108 emperorscorpion the Cutter (level 4, -4/24 HPs)
             Began as a Vine Stalker Berserker on Mar 6, 2019.
             Was a Follower of Trog.
             Slain by a gnoll (6 damage)
             ... on level 7 of the Dungeon.
             The game lasted 00:01:14 (448 turns).

emperorscorpion the Cutter (Vine Stalker Berserker)  Turns: 448, Time: 00:01:14

Health: -4/24      AC:  2    Str: 21    XL:     4   Next: 87%
Magic:  0/5        EV: 12    Int:  7    God:    Trog [*.....]
Gold:   57         SH:  0    Dex: 13    Spells: 3/3 levels left

rFire    . . .     SeeInvis +   a - +0 short sword
rCold    . . .     Gourm    .   (no shield)
rNeg     . . .     Faith    .   b - +0 animal skin
rPois    .         Spirit   +   (no helmet)
rElec    .         Reflect  .   (no cloak)
rCorr    .         Harm     .   (no gloves)
MR       .....                  (no boots)
Stlth    +.........             (no amulet)
HPRegen  0.48/turn              h - ring of see invisible
MPRegen  0.09/turn              (no ring)

@: about to teleport
A: fangs 2, regeneration 1, magic shield, antimagic bite, no potion heal 3, rot
immunity
a: Berserk, Renounce Religion


You were on level 7 of the Dungeon.
You worshipped Trog.
Trog was aware of your devotion.
You were not hungry.

You visited 1 branch of the dungeon, and saw 5 of its levels.

You collected 57 gold pieces.

Inventory:

Hand Weapons
 a - a +0 short sword (weapon)
Armour
 b - a +0 animal skin (worn)
Jewellery
 h - a ring of see invisible (left hand)
Potions
 f - a potion of haste {unknown}
Comestibles
 c - a ration
 d - 9 chunks of flesh


   Skills:
 + Level 3.5 Fighting
 + Level 3.9 Short Blades
 + Level 1.8 Armour
 + Level 2.0 Dodging
 + Level 0.1 Stealth


You had 3 spell levels left.
You didn't know any spells.
Your spell library was empty.

Dungeon Overview and Level Annotations

Branches:
Dungeon (4/15)
 Temple: D:4-7

Altars:

Annotations:
D:7 Harold


Innate Abilities, Weirdness & Mutations

You have extremely sharp teeth.
Your natural rate of healing is unusually fast.
When hurt, damage is shared between your health and your magic reserves.
Your bite disrupts and absorbs the magic of your enemies.
Potions cannot restore your health.
You are immune to rotting.


Message History

5 gnolls, a gnoll shaman and Harold come into view.
As you read the scroll labeled YMENTOGRUG, it crumbles to dust.
It is a scroll of identify.
g - a scroll of teleportation The gnoll shouts! x4; You hear a shout!
The gnoll barely misses you.
Harold throws a throwing net.
The throwing net hits you.
You become entangled in the net!
As you read the scroll of teleportation, it crumbles to dust.
You feel strangely unstable.
The gnoll shaman shouts!
The gnoll hits you!
You tear a large gash into the net.
The gnoll hits you.
You struggle against the net.
The gnoll hits you.
The gnoll shaman hits you with a +0 whip!
* * * LOW HITPOINT WARNING * * *
You shred the net and break free! The gnoll misses you.
The gnoll hits you with a cursed -2 flail.
* * * LOW HITPOINT WARNING * * *
The gnoll hits you.
You die...

#...........
#...........
#...........
+...).......
#...........
#...........
#.)ggg......
#...@g......
#...@g......
#...g...$...
#...........
#...........
#...........
############


You could see Harold, a gnoll shaman and 5 gnolls.

Vanquished Creatures
  An ogre (D:4)
  A worm (D:2)
  A dart slug (D:1)
  A leopard gecko (D:1)
  3 giant cockroaches
  2 hobgoblins
  4 kobolds (D:1)
  A ball python (D:2)
  A rat (D:2)
15 creatures vanquished.

Notes
Turn   | Place    | Note
-------+----------+-------------------------------------------
     0 | D:1      | emperorscorpion the Vine Stalker Berserker began the quest
                  | for the Orb.
     0 | D:1      | Reached XP level 1. HP: 11/11 MP: 2/2
    23 | D:1      | Reached XP level 2. HP: 16/16 MP: 3/3
   351 | D:4      | Noticed an ogre
   360 | D:4      | Killed an ogre
   360 | D:4      | Reached XP level 3. HP: 2/20 MP: 0/4
   360 | D:4      | Gained mutation: Your natural rate of healing is unusually
                  | fast. [Vine Stalker growth]
   360 | D:4      | Reached XP level 4. HP: 3/24 MP: 0/5
   443 | D:4      | You fall through a shaft for 3 floors!
   444 | D:7      | Noticed Harold
   448 | D:7      | Slain by a gnoll

Levels and vault maps discovered:
D:1:      evilmike_arrival_plus, layout_rooms
D:2:      layout_loops_corners, nicolae_dithmenos_through_a_glass_darkly,
          first_ration, minmay_tripent
D:3:      layout_basic, uniq_robin
D:4:      minmay_angry_zag, layout_cave_pools, eat_drink_and_be_merry_uskayaw,
          lemuel_doored_altar, lemuel_crystal_altar, minitemple, fedhas_altar_1
D:7:      layout_basic, minmay_temple_entry_offerings, basic_altar,
          grunt_decor_mini_mirrors, chequers_garden, uniq_pikel, uniq_harold,
          uniq_joseph

Skill      XL: |  1  2 |
---------------+-------+-----
Short Blades   | 3 |  3.9
Fighting       | 3 |  3.5
Dodging        | 2 |  2.0
Armour         | |  1.8
Stealth        | |  0.1

Action                   |  1- 3 |  4- 6 || total
-------------------------+-------+-------++-------
Melee: Short sword       |    40 |     5 ||    45
       Bite              |    14 |     2 ||    16
Invok: Berserk           |     3 |       ||     3
  Use: Scroll            |       |     2 ||     2
  Eat: Chunk             |       |     1 ||     1
Armor: Animal skin       |     4 |       ||     4
Dodge: Dodged            |    25 |     2 ||    27

Table legend:
 A = Non-vault XP
 B = Vault XP
 C = Vault XP percentage of total XP
 D = Non-vault monster count
 E = Vault monster count
 F = Vault count percentage of total count
                 A         B        C        D         E       F
            +---------+---------+-------+---------+---------+-------
      Total |     155 |       0 |   0.0 |      15 |       0 |   0.0
            +---------+---------+-------+---------+---------+-------
        D:1 |      19 |       0 |   0.0 |       9 |       0 |   0.0
        D:2 |       9 |       0 |   0.0 |       4 |       0 |   0.0
        D:3 |       2 |       0 |   0.0 |       1 |       0 |   0.0
        D:4 |     125 |       0 |   0.0 |       1 |       0 |   0.0
            +---------+---------+-------+---------+---------+-------
